Map: [ESL] Moondance

Players

DisK

  • Race: Protoss Protoss
  • Spawn Location: 12:00

Scarlett - Winner!

  • Race: Zerg Zerg
  • Spawn Location: 6:00

Event: DreamHack SC2 Masters 2022 Atlanta (Online)

VOD

Have the link to the VOD?

Description

Time

  • Played on: Oct. 14, 2022, 5:16 p.m.
  • Length: 14:31

All games in this series

Show
View Real Time Build Order
Export as new Build Order

DisK Protoss 

Build Orders: 1 Gate Expand, Zealot Archon, Archon Drop, Dark Templar Rush 

Get SALT Encoding   

  12  0:00  Probe  
  13  0:12  Probe  
  14  0:19  Pylon  
  14  0:24  Probe  
  15  0:37  Probe (Chrono Boost), Gateway  
  16  0:47  Probe (Chrono Boost), Assimilator  
  17  0:52  Probe (Chrono Boost)  
  18  1:03  Probe  
  19  1:15  Probe  
  20  1:22  Nexus  
  20  1:32  Cybernetics Core  
  20  1:35  Probe  
  21  1:42  Assimilator  
  22  1:47  Probe  
  22  1:50  Pylon  
  22  1:59  Probe (Chrono Boost)  
  23  2:06  Adept (Chrono Boost)  
  24  2:09  Warp Gate  
  24  2:10  Probe (Chrono Boost)  
  24  2:15  Probe (Chrono Boost)  
  26  2:21  Twilight Council  
  27  2:25  Probe  
  27  2:29  Stalker (Chrono Boost)  
  28  2:35  Probe  
  31  2:37  Probe  
  32  2:47  Probe  
  32  2:49  Probe  
  34  2:59  Robotics Facility, Probe  
  34  3:01  Probe  
  34  3:05  Gateway  
  36  3:11  Probe  
  37  3:13  Probe  
  38  3:21  Dark Shrine  
  38  3:23  Probe  
  38  3:26  Probe  
  40  3:28  Gateway  
  40  3:30  Gateway  
  40  3:35  Probe  
  40  3:38  Probe  
  42  3:42  Pylon  
  42  3:43  Warp Prism (Chrono Boost)  
  44  3:51  Probe x2  
  44  3:54  Assimilator  
  46  3:57  Assimilator  
  46  4:02  Pylon  
  46  4:03  Probe x2  
  48  4:21  Probe x2  
  50  4:30  Nexus  
  50  4:34  Probe  
  50  4:35  Probe  
  50  4:38  Dark Templar x3  
  58  4:39  Dark Templar  
  60  4:46  Probe  
  60  4:47  Probe  
  62  4:57  Pylon  
  62  5:04  Observer  
  61  5:08  Probe  
  61  5:10  Pylon  
  62  5:15  Probe (Chrono Boost)  
  62  5:20  Forge, Probe (Chrono Boost)  
  64  5:21  Gateway  
  64  5:24  Gateway  
  64  5:26  Pylon  
  65  5:30  Probe (Chrono Boost)  
  65  5:31  Probe (Chrono Boost)  
  65  5:33  Dark Templar  
  65  5:34  Archon  
  68  5:37  Probe x2 (Chrono Boost)  
  68  5:38  Archon  
  68  5:40  Immortal (Chrono Boost)  
  68  5:41  Pylon  
  74  5:43  Probe  
  74  5:46  Protoss Ground Weapons Level 1 (Chrono Boost), Assimilator  
  74  5:47  Sentry x3  
  74  5:48  Blink  
  81  5:50  Shield Battery  
  81  5:59  Probe x2  
  83  6:04  Pylon  
  83  6:05  Probe  
  83  6:11  Probe x2  
  85  6:12  Stalker  
  85  6:13  Pylon  
  87  6:19  Observer (Chrono Boost)  
  87  6:21  Stalker  
  87  6:22  Stalker x2  
  94  6:26  Gateway, Probe  
  94  6:27  Gateway, Probe  
  94  6:28  Probe  
  97  6:41  Nexus  
  97  6:44  Pylon  
  97  6:48  Immortal  
  97  6:49  Probe  
  97  6:50  Probe  
  102  7:04  Stalker  
  102  7:05  Nexus, Stalker x3  
  110  7:16  Stalker x2  
  110  7:18  Shield Battery  
  110  7:19  Pylon  
  110  7:21  Pylon  
  115  7:23  Stalker x2  
  117  7:31  Observer (Chrono Boost)  
  117  7:34  Robotics Bay  
  118  7:43  Stalker x5  
  128  7:44  Stalker  
  130  7:51  Probe  
  130  7:52  Probe x2  
  133  8:04  Probe x3  
  136  8:07  Robotics Facility  
  132  8:16  Probe  
  133  8:25  Stalker x8  
  133  8:26  Disruptor  
  147  8:48  Dark Templar  
  147  8:49  Zealot x5  
  147  8:50  Zealot x2  
  152  9:02  Disruptor  
  149  9:04  Probe  
  146  9:17  Zealot x7  
  144  9:44  Probe x4  
  143  9:56  Probe x4  
  147  10:06  Stalker x2  
  147  10:08  Probe  
  147  10:10  Pylon  
  147  10:11  Pylon  
  147  10:12  Pylon  
  148  10:21  Probe  
  147  10:22  Disruptor  
  147  10:24  Disruptor  
  143  10:31  Nexus, Dark Templar  
  143  10:33  Zealot x4  
  151  10:37  Probe x2  
  151  10:40  Pylon  
  151  10:42  Pylon  
  146  10:53  Stalker x3  
  148  11:02  Pylon  
  148  11:03  Pylon  
  139  11:24  Stalker x7  
  146  11:32  Nexus  
  140  11:39  Charge (Chrono Boost)  
  140  11:40  Pylon  
  136  11:47  Stalker x8  
  144  12:01  Shield Battery  
  144  12:02  Shield Battery  
  144  12:04  Shield Battery  
  136  12:10  Disruptor (Chrono Boost), Observer (Chrono Boost)  
  137  12:23  Stalker x6  
  137  12:28  Disruptor (Chrono Boost)  
  149  12:35  Stalker  
  149  12:36  Stalker  
  144  12:54  Observer  
  144  12:58  Zealot x6  
  158  13:15  Shield Battery  
  158  13:17  Shield Battery  
  158  13:19  Zealot x8  
  159  13:46  Nexus  
  159  13:48  Assimilator x2  
  159  13:50  Stalker x6  
  133  14:11  Zealot  
  133  14:12  Zealot  
  133  14:15  Zealot x2  
Show
View Real Time Build Order
Export as new Build Order

Scarlett Zerg - Winner!

Build Orders: Hatch First, Lurkers, Swarm Host 

Get SALT Encoding   

  12  0:00  Drone  
  13  0:12  Overlord  
  13  0:17  Drone  
  14  0:31  Drone x2  
  16  0:46  Hatchery  
  15  0:50  Drone  
  15  0:54  Drone  
  18  0:57  Drone  
  18  1:09  Extractor  
  17  1:13  Spawning Pool  
  17  1:16  Drone  
  17  1:20  Drone  
  18  1:27  Drone  
  19  1:39  Drone  
  20  1:49  Drone  
  21  1:59  Queen x2  
  21  2:00  Zergling x2, Overlord  
  26  2:10  Drone  
  26  2:11  Drone  
  26  2:13  Metabolic Boost  
  28  2:20  Drone  
  29  2:23  Drone  
  30  2:32  Zergling x2  
  30  2:34  Drone  
  32  2:38  Hatchery  
  31  2:44  Queen  
  31  2:49  Overlord  
  33  2:54  Drone x2  
  35  3:00  Drone  
  36  3:07  Queen  
  36  3:10  Overlord  
  36  3:11  Drone x3  
  41  3:18  Drone  
  41  3:19  Drone  
  43  3:21  Drone  
  44  3:28  Queen  
  44  3:31  Overlord  
  44  3:33  Drone  
  47  3:36  Drone  
  48  3:41  Drone x2  
  48  3:43  Drone  
  51  3:49  Roach Warren  
  51  3:52  Drone x3  
  53  3:57  Drone x4  
  53  3:58  Queen  
  59  4:03  Zergling x4  
  59  4:09  Extractor  
  60  4:10  Zergling x4  
  60  4:14  Drone x4  
  66  4:17  Lair  
  66  4:18  Extractor  
  66  4:19  Drone  
  66  4:22  Spore Crawler  
  65  4:24  Spore Crawler, Drone  
  65  4:30  Drone  
  66  4:37  Spore Crawler  
  65  4:39  Drone  
  65  4:40  Overlord  
  66  4:54  Overlord x2  
  66  4:57  Overlord  
  70  5:00  Roach x4  
  73  5:08  Hatchery  
  73  5:11  Roach  
  73  5:12  Overlord  
  71  5:15  Overseer  
  71  5:19  Overseer  
  71  5:20  Drone  
  71  5:21  Drone x10  
  81  5:23  Drone  
  81  5:25  Drone, Extractor  
  82  5:29  Evolution Chamber  
  81  5:36  Roach  
  81  5:37  Roach x3  
  81  5:39  Drone  
  90  5:44  Extractor  
  90  5:45  Drone  
  90  5:46  Drone x2  
  90  5:49  Infestation Pit, Extractor  
  90  5:51  Drone  
  90  5:53  Overlord x2  
  91  6:00  Drone x3  
  91  6:02  Zerg Missile Weapons Level 1  
  94  6:10  Drone x4  
  98  6:15  Drone x5  
  103  6:19  Drone x3  
  103  6:25  Drone  
  107  6:27  Overlord x3  
  107  6:32  Overlord x3  
  107  6:37  Roach x2  
  107  6:38  Roach  
  113  6:49  Swarm Host x6  
  113  6:53  Swarm Host  
  134  6:56  Swarm Host  
  134  6:57  Swarm Host  
  140  7:02  Swarm Host x3  
  149  7:10  Swarm Host x3  
  149  7:12  Overlord x2  
  149  7:14  Overlord  
  158  7:20  Swarm Host  
  158  7:21  Swarm Host  
  164  7:26  Roach x2  
  164  7:29  Glial Reconstitution  
  167  7:31  Overlord x2  
  167  7:35  Zergling x10  
  173  7:37  Ravager  
  173  7:44  Ravager x2  
  173  7:48  Zergling x18  
  184  7:57  Zergling x12  
  185  7:59  Ravager  
  185  8:02  Ravager x3  
  189  8:12  Hive, Hatchery  
  188  8:16  Drone x7  
  188  8:17  Drone x3  
  188  8:18  Extractor  
  188  8:19  Extractor  
  195  8:20  Spore Crawler  
  195  8:26  Ravager x3  
  189  8:33  Zergling x14  
  196  8:35  Zerg Missile Weapons Level 2  
  191  9:05  Hydralisk Den, Roach x4  
  195  9:14  Overlord x3  
  192  9:20  Overseer  
  192  9:21  Overseer, Pneumatized Carapace  
  190  9:30  Roach x6  
  175  9:42  Spine Crawler  
  175  9:43  Roach  
  175  9:44  Roach x12  
  198  9:57  Zergling x2  
  199  10:04  Lurker Den  
  186  10:07  Roach x6  
  186  10:09  Ravager x2, Evolution Chamber  
  199  10:17  Spine Crawler x3  
  199  10:18  Spine Crawler x2  
  194  10:27  Roach x8  
  194  10:28  Roach x5  
  195  10:47  Roach x2  
  191  10:52  Roach  
  191  10:53  Roach x4  
  191  10:55  Zerg Ground Armor Level 1, Zerg Missile Weapons Level 3  
  191  10:56  Muscular Augments  
  199  11:01  Extractor  
  198  11:09  Overseer  
  197  11:16  Drone  
  197  11:17  Drone x2  
  193  11:26  Spine Crawler  
  193  11:28  Spore Crawler  
  178  11:33  Roach x12  
  199  11:54  Roach x8  
  199  11:59  Overlord  
  199  12:00  Seismic Spines  
  194  12:07  Grooved Spines  
  194  12:09  Zergling x12  
  200  12:22  Viper  
  199  12:36  Zergling x2, Nydus Network  
  199  12:37  Zergling x2  
  182  12:53  Viper  
  182  12:57  Adaptive Talons  
  178  13:09  Hydralisk x8  
  178  13:10  Viper  
  197  13:14  Zergling x4  
  193  13:46  Lurker x6  
  195  13:57  Zergling x10  
  195  13:58  Zergling x2  
  187  14:04  Nydus Canal  
  179  14:13  Lurker x2  
  179  14:17  Drone x2, Spine Crawler x2  
  182  14:18  Spine Crawler  
  182  14:19  Spine Crawler  
Tags
 
Add a new tag
Caveats
  • Supply blocks, unpowered buildings, or Contaminate may cause inaccurate times.
  • Supply counts are checked every 10 seconds.